AoeStats
← Chill Trip

African Clearing

510738615Analyzed
4v4 RM · 11h ago on Oct 2, 2026· 47m 55s· 8 players
Game mode
Random Map
Map size
Large (8 player)
Population
200
Speed
Normal
Resources
Standard
Victory
Conquest
Starting age
Dark Age
Ending age
Imperial Age
RankedLock teamsTeams togetherTeam positionsShared explorationLock speedFull tech treeHidden civsTurbo modeCheats
Victory
Defeat
🇦🇺 Japanese · Australia
1177
+12
🇪🇸 Georgians · Spain
1147
+13
🇬🇧 Huns · United Kingdom
1133
+13
🇩🇪 Mongols · Germany
1094
+15
🇳🇨 Varangians · New Caledonia
1123
-16
🇫🇷 Danes · France
1105
-14
🇫🇷 Slavs · France
1050
-12
🇳🇨 Wei · New Caledonia
1026
-11
MalSofrit
6:38 Loom
11:51 Feudal Age
12:23 Double-Bit Axe
21:21 Castle Age
19:55 Forging
21:54 Scale Barding Armor
22:58 Bloodlines
22:48 Husbandry
23:12 Chain Barding Armor
23:28 Iron Casting
23:06 Bow Saw
23:12 Stone Mining
30:29 Wheelbarrow
37:20 Horse Collar
40:00 Gold Mining
42:50 Imperial Age
41:28 Light Cavalry
43:04 Cavalier
44:30 Plate Barding Armor
44:56 Blast Furnace
46:05 Hussar
putinonaritz
14:19 Feudal Age
19:10 Castle Age
27:04 Gambesons
37:22 Scale Mail Armor
41:19 Double-Bit Axe
43:58 Chain Mail Armor
43:54 Forging
44:50 Arson
K
13:43 Feudal Age
15:16 Loom
16:31 Double-Bit Axe
17:30 Horse Collar
20:12 Castle Age
21:45 Bow Saw
21:35 Heavy Plow
21:31 Gold Mining
28:24 Stone Mining
29:33 Wheelbarrow
33:40 Imperial Age
32:12 Husbandry
32:23 Bloodlines
32:15 Marauders
32:42 Hand Cart
32:13 Town Watch
33:27 Forging
33:22 Scale Barding Armor
34:43 Gold Shaft Mining
34:48 Iron Casting
36:12 Chain Barding Armor
37:53 Elite Tarkan
40:24 Plate Barding Armor
43:20 Two-Man Saw
43:40 Blast Furnace
mape
6:06 Loom
12:34 Feudal Age
16:47 Bloodlines
19:04 Castle Age
17:15 Scale Barding Armor
17:04 Town Watch
19:17 Bloodlines
24:55 Double-Bit Axe
29:12 Horse Collar
30:48 Chain Barding Armor
32:19 Wheelbarrow
34:16 Bow Saw
34:16 Fletching
35:08 Husbandry
35:52 Forging
36:28 Heavy Plow
38:31 Bodkin Arrow
38:36 Padded Archer Armor
40:01 Ballistics
42:49 Imperial Age
41:48 Hand Cart
41:38 Town Patrol
42:01 Gold Mining
43:39 Bracer
45:05 Chemistry
44:16 Thumb Ring
44:54 Leather Archer Armor
44:53 Masonry
44:33 Heavy Cavalry Archer
45:39 Conscription
45:16 Elite Mangudai
46:35 Parthian Tactics
47:08 Hand Cart
47:32 Fortified Wall
Boy oh boy
11:03 Loom
12:50 Feudal Age
17:05 Castle Age
15:19 Double-Bit Axe
18:17 Bow Saw
17:49 Horse Collar
20:58 Forging
27:22 Scale Barding Armor
29:10 Iron Casting
31:14 Chain Barding Armor
31:39 Husbandry
31:50 Bloodlines
32:31 Stone Mining
34:47 Stone Shaft Mining
41:51 Imperial Age
41:45 Fletching
42:52 Wheelbarrow
42:03 Town Watch
42:02 Elite Jarl
44:48 Blast Furnace
44:23 Plate Barding Armor
K1ller401
4:10 Loom
13:50 Feudal Age
18:11 Castle Age
17:38 Double-Bit Axe
21:00 Horse Collar
26:04 Bow Saw
27:00 Wheelbarrow
30:41 Heavy Plow
31:46 Scale Mail Armor
31:57 Forging
32:06 Gold Mining
31:48 Man-at-Arms
32:18 Gambesons
33:07 Forging
33:06 Long Swordsman
36:11 Hand Cart
38:38 Imperial Age
36:54 Chain Mail Armor
36:51 Hamask
38:20 Murder Holes
39:15 Iron Casting
38:59 Squires
38:44 Arson
39:40 Conscription
40:46 Gold Shaft Mining
41:05 Plate Mail Armor
41:35 Blast Furnace
40:48 Stone Mining
41:04 Elite Jomsviking
42:16 Two-Handed Swordsman
43:32 Champion
FyzhoSlow
11:20 Loom
13:56 Feudal Age
15:01 Double-Bit Axe
20:44 Castle Age
23:20 Bloodlines
23:10 Husbandry
24:24 Horse Collar
25:13 Scale Barding Armor
30:00 Husbandry
30:40 Forging
34:52 Chain Barding Armor
35:07 Iron Casting
35:18 Heavy Plow
41:34 Imperial Age
Chill Trip
9:45 Loom
17:51 Feudal Age
32:15 Castle Age
38:29 Castle Age
Connection lost

Rejoining the realm…

Still unreachable

The connection could not be restored.

Session expired

The server has moved on; the page needs a fresh start.